Map: Realities Simulation LE

Players

rOOtbEEr

  • Race: Protoss Protoss
  • Spawn Location: 6:00

ARTIMUL

  • Race: Terran Terran
  • Spawn Location: 5:00

Nimbus

  • Race: Protoss Protoss
  • League: Silver
  • Spawn Location: 3:00

MattBarry - Winner!

  • Race: Zerg Zerg
  • Spawn Location: 11:00

MattBarry - Winner!

  • Race: Terran Terran
  • Spawn Location: 12:00

Alebay - Winner!

  • Race: Protoss Protoss
  • Spawn Location: 9:00

VOD

Have the link to the VOD?

Description

Time

  • Played on: Jan. 5, 2023, 1:47 a.m.
  • Length: 14:47
Show
View Real Time Build Order
Export as new Build Order

rOOtbEEr Protoss 

Build Orders:  

Get SALT Encoding   

    6:01  Probe  
    6:09  Probe  
  2  6:19  Probe  
  3  6:31  Probe  
  4  6:43  Probe  
Show
View Real Time Build Order
Export as new Build Order

ARTIMUL Terran 

Build Orders:  

Get SALT Encoding   

  12  0:28  SCV  
  13  0:39  Supply Depot  
  13  0:40  Supply Depot, SCV  
  14  0:52  SCV  
  15  1:04  SCV  
  15  1:06  Refinery  
  15  1:09  Refinery  
  15  1:10  Barracks  
  16  1:13  Barracks  
  16  1:16  Barracks, SCV  
  17  1:18  Engineering Bay  
  17  1:27  Command Center  
  17  1:28  SCV  
  18  1:40  SCV  
  19  1:50  Terran Infantry Weapons Level 1  
  19  1:53  SCV  
  20  2:00  Marine  
  20  2:01  Marine  
  22  2:03  Marine  
  22  2:05  SCV  
  24  2:17  SCV  
  24  2:18  Missile Turret, Marine, Factory  
  24  2:19  Marine  
  24  2:21  Marine  
  28  2:29  SCV  
  29  2:36  Marine x2  
  31  2:39  Marine  
  31  2:41  SCV  
  33  2:47  Refinery  
  33  2:50  Refinery  
  33  2:53  SCV  
  33  2:57  Supply Depot  
  34  3:00  Marine x3  
  34  3:04  Factory Tech Lab  
  34  3:05  SCV  
  38  3:06  Planetary Fortress  
  38  3:16  Missile Turret  
  38  3:17  SCV  
  39  3:20  Supply Depot  
  39  3:26  Missile Turret  
  39  3:29  SCV  
  40  3:41  SCV  
  40  3:44  Supply Depot  
  41  3:50  Siege Tank  
  41  3:54  SCV  
  41  3:55  SCV  
  46  4:05  Supply Depot  
  46  4:07  SCV  
  47  4:15  Barracks  
  47  4:19  SCV  
  47  4:20  Barracks Tech Lab, Barracks Reactor  
  47  4:21  Barracks Tech Lab  
  47  4:22  Siege Tank  
  47  4:23  Orbital Command  
  51  4:30  Supply Depot  
  51  4:31  SCV  
  52  4:43  SCV  
  52  4:44  Starport  
  52  4:54  Siege Tank  
  52  4:55  SCV  
  56  5:07  SCV  
  57  5:20  SCV  
  58  5:26  Siege Tank  
  61  5:32  SCV  
  62  5:38  Starport Reactor  
  62  5:42  Starport, Marine  
  63  5:43  Missile Turret  
  63  5:44  SCV  
  64  5:56  SCV  
  65  5:58  Siege Tank  
  65  6:00  Marine  
  69  6:13  Marine x4  
  69  6:18  Marine  
  74  6:22  Medivac x3  
  80  6:30  Supply Depot, Siege Tank  
  80  6:31  Marine x3  
  86  6:32  Supply Depot  
  86  6:34  Armory  
  86  6:37  Terran Infantry Armor Level 1  
  86  6:51  Marine x4, SCV  
  86  6:52  Medivac  
  86  6:53  Missile Turret x2  
  93  6:54  Supply Depot, Missile Turret  
  93  6:56  Stimpack, Combat Shield  
  94  7:01  SCV  
  94  7:02  Siege Tank  
  94  7:03  SCV  
  98  7:09  Marine x4  
  102  7:16  SCV  
  102  7:18  Medivac x2  
  107  7:25  Armory  
  107  7:27  Marine x3  
  110  7:30  Missile Turret  
  110  7:35  Marine, SCV  
  112  7:45  Marine x3  
  112  7:46  Siege Tank  
  112  7:51  Missile Turret  
  118  8:05  Marine  
  117  8:06  Marine, SCV  
  117  8:07  Marine  
  105  8:18  Siege Tank  
  105  8:19  SCV  
  97  8:50  Widow Mine  
  99  9:00  Marine  
  99  9:01  Marine, Marauder x2  
  105  9:12  Widow Mine  
  105  9:13  Fusion Core  
  107  9:18  Marine  
  107  9:19  Starport, Marine  
  107  9:20  Starport Tech Lab  
  107  9:22  Liberator x2, Marauder  
  117  9:35  Marine  
  118  9:41  Barracks Tech Lab  
  118  10:43  Missile Turret x2  
  118  10:44  Missile Turret  
  118  10:58  Marauder  
  118  10:59  Widow Mine  
  118  11:06  Marine, Marauder  
  118  11:07  Liberator  
  118  11:23  Marine  
  118  11:51  Marine, Marauder  
  117  12:23  Marauder  
  117  12:30  Marine  
  118  12:38  Missile Turret, Terran Ship Weapons Level 1  
  118  12:40  Starport Tech Lab  
  118  12:41  Missile Turret  
  118  12:46  Neosteel Armor, Fusion Core  
  118  12:49  Terran Vehicle And Ship Armor Level 1  
  118  12:57  Missile Turret x3  
  118  13:00  Marine  
  118  13:01  Marauder x2  
  118  13:02  Supply Depot x2  
  123  13:18  Marine  
  124  13:21  Marine  
  124  13:22  Marauder  
  104  13:36  Marine  
  104  13:39  Marine  
  85  13:43  Marine, Liberator x2  
  85  13:44  Liberator x2  
  95  13:54  Marine  
  92  13:57  Marine  
  92  14:01  Marine  
  61  14:19  Marine x2  
  61  14:20  Marine  
  61  14:26  Missile Turret  
Show
View Real Time Build Order
Export as new Build Order

Nimbus Protoss 

Build Orders:  

Get SALT Encoding   

  12  0:06  Probe  
  13  0:18  Probe  
  14  0:34  Probe  
  15  0:42  Pylon  
  15  0:45  Assimilator  
  15  0:46  Pylon  
  15  0:49  Assimilator  
  15  0:58  Pylon  
  15  1:00  Probe  
  16  1:12  Probe  
  11  4:00  Probe  
  11  4:08  Forge, Probe  
  13  4:18  Probe  
  14  4:30  Probe  
  15  4:42  Probe  
  16  5:50  Probe  
  16  5:55  Photon Cannon x2  
  17  5:58  Probe  
  17  6:00  Gateway  
  17  6:02  Pylon  
  18  6:08  Probe  
  19  6:20  Probe  
  20  6:32  Probe  
  21  8:39  Probe  
  21  8:47  Probe  
  22  8:48  Pylon  
  22  8:52  Cybernetics Core  
  23  8:55  Pylon  
  23  8:57  Probe  
  24  9:30  Photon Cannon  
  24  9:33  Photon Cannon  
  24  9:38  Stargate x2  
  24  9:39  Stargate  
  24  9:42  Pylon  
  24  9:43  Pylon  
  24  9:45  Pylon  
  24  9:47  Photon Cannon, Shield Battery, Probe  
  25  9:55  Pylon, Probe  
  26  10:00  Pylon  
  26  10:04  Probe  
  15  10:16  Probe  
  16  10:29  Probe  
  21  12:06  Void Ray x3  
  21  12:10  Photon Cannon  
  21  12:12  Photon Cannon  
  33  12:49  Void Ray x3  
Show
View Real Time Build Order
Export as new Build Order

MattBarry Zerg - Winner!

Build Orders: Pool First 

Get SALT Encoding   

  12  0:01  Drone  
  13  0:13  Overlord  
  13  0:16  Drone  
  14  0:33  Drone  
  15  0:36  Drone  
  15  0:37  Drone  
  17  0:46  Drone  
  18  0:54  Spawning Pool  
  18  0:57  Drone, Extractor  
  17  1:09  Drone  
  18  1:27  Drone  
  19  1:36  Drone  
  20  1:41  Drone  
  21  2:05  Queen, Evolution Chamber  
  22  2:12  Roach Warren  
  21  2:19  Drone  
  21  2:21  Overlord  
  22  2:27  Extractor  
  21  2:37  Hatchery  
  20  2:45  Drone  
  21  2:53  Lair  
  21  2:55  Roach, Overlord  
  23  3:16  Zerg Missile Weapons Level 1  
  23  3:34  Roach  
  23  3:35  Roach x4  
  33  3:55  Glial Reconstitution  
  33  4:03  Roach x2  
  33  4:04  Roach x2  
  33  4:05  Queen  
  43  4:15  Evolution Chamber  
  42  4:34  Ravager  
  43  4:41  Zerg Ground Armor Level 1  
  43  4:53  Drone  
  43  4:54  Overlord x2  
  44  5:28  Ravager x3  
  46  5:32  Roach  
  46  5:33  Roach x2  
  53  5:50  Extractor  
  53  5:51  Drone x3  
  53  5:52  Drone x2  
  57  5:59  Ravager  
  57  6:00  Ravager  
  59  6:24  Drone  
  55  6:49  Overlord  
  55  6:55  Drone x2  
  57  7:05  Tunneling Claws  
  57  7:07  Burrow  
  57  7:12  Zerg Missile Weapons Level 2  
  57  7:17  Infestation Pit  
  56  7:27  Ravager x2  
  56  7:28  Roach  
  60  7:38  Overseer  
  60  7:43  Pneumatized Carapace  
  60  7:47  Overlord x2  
  60  7:49  Overlord  
  60  7:50  Overlord  
  31  8:18  Roach x9  
  39  8:32  Queen  
  41  8:36  Roach  
  41  8:38  Roach x3  
  41  8:39  Roach  
  51  8:56  Roach x3  
  51  8:57  Roach  
  59  9:25  Hive  
  59  9:56  Overseer  
  59  11:03  Roach x5  
  59  11:04  Roach x12  
  67  11:19  Overlord x2  
  67  11:40  Baneling Nest  
  66  12:04  Ravager  
  66  12:05  Ravager x2  
  66  12:06  Ravager  
  54  13:32  Overlord x4  
  46  14:00  Roach x9  
  46  14:01  Roach x2  
  60  14:11  Roach  
Show
View Real Time Build Order
Export as new Build Order

MattBarry Terran - Winner!

Build Orders:  

Get SALT Encoding   

  12  0:00  SCV  
  13  0:13  SCV  
  14  0:20  Supply Depot  
  14  0:25  SCV  
  15  0:30  Refinery  
  15  0:41  SCV  
  16  0:47  Barracks  
  16  0:54  SCV  
  17  1:06  SCV  
  18  1:21  SCV  
  18  1:25  Barracks  
  19  1:34  Orbital Command  
  19  1:35  Reaper  
  19  1:39  Supply Depot  
  20  1:48  Refinery  
  20  2:00  SCV  
  21  2:08  Reaper  
  21  2:12  Reaper  
  23  2:16  Barracks  
  23  2:17  SCV  
  24  2:24  Supply Depot  
  24  2:30  SCV  
  25  2:42  SCV  
  26  2:45  Reaper x2  
  28  3:16  SCV  
  29  3:28  Reaper x3  
  30  4:06  Reaper x3  
  33  4:19  SCV  
  34  5:01  Factory  
  28  5:17  SCV  
  28  5:20  Command Center  
  29  5:22  Barracks Tech Lab  
  29  5:23  Barracks Tech Lab x2  
  29  5:29  SCV  
  29  5:30  Command Center  
  29  5:34  Supply Depot  
  29  5:35  Supply Depot  
  30  5:41  SCV  
  31  5:48  Starport  
  31  5:51  Starport  
  31  5:52  Starport  
  31  5:53  SCV  
  32  6:05  SCV  
  33  6:17  SCV  
  34  6:29  SCV  
  34  6:32  Cloaking Field  
  35  6:37  Hyperflight Rotors  
  35  6:38  Banshee x2  
  41  6:40  Banshee  
  41  6:43  Orbital Command  
  44  6:49  Orbital Command  
  44  6:56  SCV  
  45  7:08  SCV  
  46  7:13  SCV  
  47  7:18  Refinery  
  47  7:20  SCV, Refinery  
  48  7:23  Refinery  
  48  7:24  Banshee x3  
  48  7:25  SCV  
  48  7:26  Refinery  
  58  7:40  Armory  
  58  7:42  SCV x3  
  61  7:54  SCV x2  
  61  7:55  SCV  
  64  8:06  SCV  
  64  8:07  Banshee x3, SCV x2  
  76  8:19  SCV x3  
  79  8:22  Supply Depot x3  
  79  8:31  Starport, Terran Ship Weapons Level 1  
  79  8:35  Factory Reactor  
  79  8:37  SCV x3  
  82  8:49  SCV x2  
  82  8:50  Banshee x3, SCV  
  94  9:01  SCV x2  
  94  9:02  SCV  
  97  9:09  Starport Tech Lab  
  97  9:15  SCV  
  97  9:16  SCV x2  
  100  9:20  Supply Depot  
  100  9:21  Supply Depot  
  100  9:26  Armory  
  100  9:28  SCV x3  
  103  9:32  Banshee  
  103  9:33  Banshee  
  109  9:42  Banshee x2  
  109  9:43  Supply Depot  
  109  9:44  Supply Depot  
  109  9:45  Supply Depot  
  115  9:56  Command Center  
  115  10:14  Banshee  
  115  10:15  Banshee  
  121  10:24  Banshee  
  121  10:25  Banshee  
  124  10:57  Banshee  
  124  10:58  Banshee  
  130  11:07  Banshee x2  
  121  11:40  Banshee  
  121  11:41  Banshee  
  127  11:50  Banshee x2  
  124  12:06  Terran Ship Weapons Level 2  
  124  12:07  Terran Vehicle And Ship Armor Level 1  
  124  12:14  Fusion Core  
  124  12:18  Supply Depot  
  124  12:19  Supply Depot  
  130  12:30  Engineering Bay  
  124  13:03  Planetary Fortress  
  124  13:14  Battlecruiser x4  
  124  13:15  Refinery  
  148  13:25  Refinery  
Show
View Real Time Build Order
Export as new Build Order

Alebay Protoss - Winner!

Build Orders: Carriers 

Get SALT Encoding   

  12  0:01  Probe  
  13  0:13  Probe  
  14  0:19  Pylon  
  14  0:25  Probe  
  15  0:28  Assimilator  
  15  0:37  Probe  
  16  0:49  Probe  
  17  0:50  Gateway  
  17  0:54  Assimilator  
  17  1:03  Probe  
  18  1:10  Pylon  
  18  1:15  Probe  
  19  1:27  Probe  
  20  1:35  Forge  
  20  1:39  Probe  
  21  1:42  Zealot (Chrono Boost)  
  23  1:51  Probe  
  24  2:08  Photon Cannon  
  24  2:16  Cybernetics Core  
  24  2:18  Zealot  
  26  2:31  Pylon  
  26  2:50  Zealot  
  26  2:51  Pylon  
  28  3:06  Pylon, Warp Gate  
  28  3:11  Twilight Council  
  28  3:32  Protoss Ground Weapons Level 1  
  28  3:41  Stalker  
  28  3:47  Gateway  
  30  3:49  Gateway  
  30  4:24  Nexus  
  30  4:29  Assimilator  
  30  4:34  Stalker  
  32  5:01  Stalker  
  32  5:02  Stalker  
  36  5:16  Stalker  
  38  5:24  Charge  
  38  5:28  Probe  
  38  5:34  Pylon  
  38  5:35  Pylon  
  39  5:38  Probe  
  39  5:40  Protoss Ground Armor Level 1, Probe  
  41  5:50  Probe  
  41  5:52  Probe  
  43  5:58  Stalker x2  
  43  5:59  Stalker  
  43  6:02  Probe  
  50  6:05  Protoss Air Weapons Level 1, Probe  
  51  6:18  Probe x2  
  53  6:25  Adept  
  55  6:26  Adept  
  55  6:27  Nexus  
  55  6:30  Probe x2  
  59  6:42  Adept  
  61  6:54  Probe x2  
  61  6:59  Pylon  
  63  7:02  Pylon  
  63  7:06  Probe x2  
  65  7:11  Assimilator  
  65  7:19  Probe  
  66  7:24  Stalker x3  
  72  7:34  Blink  
  72  7:42  Probe  
  73  7:45  Probe  
  73  7:48  Probe  
  73  7:51  Protoss Ground Weapons Level 2  
  75  7:54  Probe  
  76  8:00  Probe  
  77  8:05  Stargate  
  77  8:06  Stargate, Probe  
  77  8:12  Probe  
  79  8:24  Probe  
  80  8:36  Probe  
  81  8:45  Pylon  
  81  8:49  Probe  
  82  8:57  Fleet Beacon  
  82  9:01  Probe  
  84  9:10  Probe x2  
  84  9:13  Probe  
  84  9:14  Assimilator  
  84  9:16  Assimilator  
  86  9:22  Probe x2  
  88  9:25  Probe  
  89  9:33  Nexus  
  89  9:34  Probe x2  
  91  9:46  Probe  
  91  9:47  Probe  
  91  9:48  Carrier (Chrono Boost)  
  99  9:59  Probe  
  106  10:01  Carrier (Chrono Boost)  
  106  10:04  Pylon  
  106  10:05  Pylon  
  106  10:07  Pylon  
  106  10:10  Probe  
  106  10:11  Stargate  
  107  10:46  Carrier, Probe x4  
  117  10:56  Carrier  
  123  10:58  Probe x4  
  123  10:59  Carrier  
  133  11:10  Probe x4  
  137  11:47  Protoss Air Armor Level 1  
  137  11:48  Protoss Ground Weapons Level 3, Probe  
  137  11:50  Carrier  
  144  11:55  Assimilator x2  
  144  12:01  Carrier  
  150  12:03  Carrier  
  156  12:19  Pylon  
  156  12:20  Pylon  
  156  12:22  Pylon  
  156  12:24  Pylon  
  156  12:25  Pylon  
  156  12:27  Pylon  
  156  12:54  Carrier  
Tags
 
Add a new tag
Caveats
  • Supply blocks, unpowered buildings, or Contaminate may cause inaccurate times.
  • Supply counts are checked every 10 seconds.